 Dungeon Crawl Stone Soup version 0.30.1-4-g462c640d31 (webtiles) character file.

Game seed: 7255743645301867416

9 Cheops the Caller (level 2, 0/20 HPs)
             Began as a Draconian Summoner on Sept 11, 2023.
             Slain by a jackal (3 damage)
             ... on level 1 of the Dungeon.
             The game lasted 00:01:38 (375 turns).

Cheops the Caller (Draconian Summoner)               Turns: 375, Time: 00:01:39

Health: 0/20       AC:  4    Str: 10    XL:     2   Next: 3%
Magic:  2/5        EV: 12    Int: 15    God:
Gold:   2          SH:  0    Dex: 11    Spells: 4/5 levels left

rFire   . . .        a - +0 dagger
rCold   . . .        (no shield)
rNeg    . . .        (body armour unavailable)
rPois   .            (helmet restricted)
rElec   .            (no cloak)
rCorr   .            (no gloves)
SInv    .            (no boots)
Will    .....        (no amulet)
Stlth   ++           (no ring)
HPRegen 0.23/turn    (no ring)
MPRegen 0.09/turn

%: no passive effects
@: no status effects
A: AC +4, unfitting armour, cold-blooded
a: no special abilities


You were on level 1 of the Dungeon.
You visited 1 branch of the dungeon, and saw 1 of its levels.

You collected 2 gold pieces.

Inventory:

Hand Weapons
 a - a +0 dagger (weapon)
Potions
 b - a potion of magic
 c - a potion of haste {unknown}
 d - a potion of heal wounds {unknown}


   Skills:
 - Level 2.0 Dodging
 - Level 2.0 Stealth
 + Level 2.2 Spellcasting
 - Level 4.1 Summonings


You had 4 spell levels left.
You knew the following spells:

 Your Spells              Type           Power      Damage    Failure   Level
m - Summon Small Mammal   Summ           56%        N/A       4%          1

Your spell library contained the following spells:

 Spells                   Type           Power      Damage    Failure   Level
 Call Imp                 Summ           28%        N/A       6%          2
 Call Canine Familiar     Summ           14%        N/A       12%         3
 Summon Guardian Golem    Hex/Summ       7%         N/A       28%         3
 Summon Lightning Spire   Summ/Air       7%         N/A       67%         4


Dungeon Overview and Level Annotations

Branches:
Dungeon (1/15)

Altars:


Innate Abilities, Weirdness & Mutations

Your plain brown scales are hard. (AC +4)
You cannot fit into any form of body armour.
You are cold-blooded and may be slowed by cold attacks.


Message History

The jackal bites you but does no damage.
The jackal bites you.
* * * LOW HITPOINT WARNING * * *
The jackal completely misses you.
Your rat bites the jackal.
You hit the jackal.
You kill the jackal!
The jackal misses you.
The jackal bites you but does no damage.
The jackal barely misses you.
Your rat closely misses the jackal.
You have reached level 2!
You closely miss the jackal. The jackal barely misses you. x2
The jackal closely misses you. The jackal barely misses you.
The jackal bites you.
* * * LOW HITPOINT WARNING * * *
The jackal bites you.
* * * LOW HITPOINT WARNING * * *
The jackal bites you.
* * * LOW HITPOINT WARNING * * *
The jackal bites you but does no damage.
The jackal closely misses you.
The jackal bites you but does no damage.
Your rat barely misses the jackal.
You barely miss the jackal. You tail-slap the jackal.
The jackal is moderately wounded.
The jackal barely misses you. The jackal closely misses you.
The jackal misses you. The jackal barely misses you. The jackal misses you.
Your rat bites the jackal but does no damage.
You hit the jackal.
The jackal is severely wounded.
The jackal bites you.
* * * LOW HITPOINT WARNING * * *
The jackal bites you but does no damage.
The jackal closely misses you. x2; The jackal misses you.
Your rat bites the jackal but does no damage.
You closely miss the jackal.
Your tail-slap misses the jackal.
The jackal is severely wounded.
The jackal barely misses you. The jackal closely misses you.
The jackal bites you but does no damage. x2
The jackal bites you.
You die...

#.. # #.. #.# #.#..
#.# ###.#h.#######.#
#######
...>.......##.#
#.....#
#.#..#.#.#.#.#####
#......
.##.............r..
#.###.#
......h.##....hh# #.#
#.# .###..J.## ##Jh@#
#.# #.#
##.##.###.#hh###.# #.#
#.. #.
##...##......#.# #.#
### # ######.###..#.#
#.# #......#.# #.#####
#.###.##.# #......
##.)......# #.#####
#........# ###.##.##
###....###.###........


You could see an endoplasm, 5 jackals and a friendly rat (summoned).

Vanquished Creatures
  An endoplasm (D:1)
  A goblin (D:1)
  A jackal (D:1)
  A rat (D:1)
4 creatures vanquished.

Vanquished Creatures (collateral kills)
  A goblin (D:1)
  A quokka (D:1)
  A ball python (D:1)
  A kobold (D:1)
4 creatures vanquished.

Grand Total: 8 creatures vanquished

Notes
Turn   | Place    | Note
-------+----------+-------------------------------------------
     0 | D:1      | Cheops the Draconian Summoner began the quest for the Orb.
     0 | D:1      | Reached XP level 1. HP: 14/14 MP: 3/3
   372 | D:1      | Reached XP level 2. HP: 8/20 MP: 1/5
   375 | D:1      | Slain by a jackal

Illustrated notes

Levels and vault maps discovered:
D:1:      dpeg_arrival_pond, layout_loops_corners

Skill      XL: |  1 |
---------------+----+-----
Stealth        | 2 |  2.0
Dodging        | 2 |  2.0
Spellcasting   | |  2.2
Summonings     | |  4.1

Action                     || total
---------------------------++-------
  Melee: Dagger            ||    20
         Unarmed           ||     5
         Tailslap          ||     1
   Cast: Summon Small Mamm ||    12
 Armour: Skin              ||    19
  Dodge: Dodged            ||    67
